 Dungeon Crawl Stone Soup version 0.18.1-47-g9310371 (webtiles) character file.

91 Vincendra the Cudgeler (level 4, 0/40 HPs)
             Began as a Minotaur Fighter on June 21, 2016.
             Succumbed to Dowan's poison
             ... on level 4 of the Dungeon.
             The game lasted 00:04:17 (2356 turns).

Vincendra the Cudgeler (Minotaur Fighter)           Turns: 2356, Time: 00:04:18

Health: 0/40       AC:  7    Str: 27    XL:     4   Next: 34%
Magic:  3/3        EV:  7    Int:  5    God:
Gold:   188        SH: 10    Dex:  9    Spells: 0 memorised, 3 levels left

rFire  . . .     SeeInvis .     a - +0 flail
rCold  . . .     Gourm    .     b - +0 scale mail
rNeg   . . .     Faith    .     c - +0 shield
rPois  .         Spirit   .     (helmet restricted)
rElec  .         Dismiss  .     (no cloak)
rCorr  .         Reflect  .     (no gloves)
SustAt .         Harm     .     (no boots)
MR     .....                    (no amulet)
Stlth  ..........               (no ring)
                                (no ring)

@: mighty, lethally poisoned (0 -> -2), glowing, not resistant to hostile
enchantments, extremely unstealthy
A: retaliatory headbutt, horns 2
a: no special abilities


You were on level 4 of the Dungeon.
You were not hungry.

You visited 1 branch of the dungeon, and saw 4 of its levels.

You collected 188 gold pieces.

Inventory:

Hand Weapons
 a - a +0 flail (weapon)
Armour
 b - a +0 scale mail (worn)
 c - a +0 shield (worn)
Scrolls
 h - 4 scrolls of identify {unknown}
 i - 3 scrolls of remove curse {unknown}
 k - a scroll of recharging {unknown}
 n - a scroll of amnesia {unknown}
 q - a scroll of magic mapping {unknown}
Potions
 d - 3 potions of might
 e - a potion of resistance {unknown}
 g - a potion of cancellation {unknown}
 j - a potion of invisibility {unknown}
 l - 2 potions of degeneration {unknown}
 m - a potion of curing {unknown}
 r - 2 potions of flight {unknown}
Comestibles
 f - 3 bread rations
 o - a slice of pizza
 p - a meat ration
 s - 6 chunks of flesh


   Skills:
 - Level 3.7 Fighting
 + Level 5.5 Maces & Flails
 - Level 3.7 Armour
 - Level 3.6 Shields


You had 3 spell levels left.
You didn't know any spells.

Dungeon Overview and Level Annotations

Branches:
Dungeon (4/15)
 Temple: D:4-7

Altars:
Ashenzari
Makhleb

Annotations:
D:4 Dowan, Duvessa


Innate Abilities, Weirdness & Mutations

You reflexively headbutt those who attack you in melee.
You have a pair of horns on your head.


Message History

You closely miss Duvessa.
Duvessa is moderately wounded.
You block Duvessa's attack. Duvessa hits you with a rapier.
* * * LOW HITPOINT WARNING * * *
You sock Duvessa!
Duvessa is severely wounded.
You feel sick. You block Duvessa's attack.
Dowan gestures at you while chanting.
You are outlined in light.
You miss Duvessa.
Duvessa is severely wounded.
Duvessa barely misses you. Duvessa hits you with a rapier.
* * * LOW HITPOINT WARNING * * *
Drink which item? (? for menu, Esc to quit)
You feel very mighty all of a sudden. Duvessa hits you with a rapier.
* * * LOW HITPOINT WARNING * * *
You closely miss Duvessa. Your headbutt misses Duvessa.
Duvessa is severely wounded.
You die...

######.#.####
#...........##
.............##
........<.....#
..............###
......†.........##
..............#..#######
..............#.........
..............#.@e......
..............#..e......
#.....#.....#...........
###############..[......
#......... #.........
##########


You could see Duvessa and Dowan.

Vanquished Creatures
  Robin (D:4)
  3 adders
  A worm (D:3)
  2 giant geckos
  4 giant cockroaches
  7 goblins
  13 hobgoblins
  5 giant newts
  7 kobolds
  3 rats
46 creatures vanquished.

Notes
Turn   | Place    | Note
--------------------------------------------------------------
     0 | D:1      | Vincendra the Minotaur Fighter began the quest for the Orb.
     0 | D:1      | Reached XP level 1. HP: 19/19 MP: 0/0
   600 | D:1      | Reached skill level 3 in Maces & Flails
   661 | D:2      | Reached XP level 2. HP: 27/27 MP: 1/1
   894 | D:2      | Reached skill level 4 in Maces & Flails
   908 | D:2      | Reached XP level 3. HP: 22/33 MP: 2/2
  1492 | D:3      | Found a burning altar of Makhleb.
  1492 | D:3      | Noticed a balrug
  1495 | D:3      | Noticed a neqoxec
  1495 | D:3      | Noticed a hellwing
  1830 | D:3      | Found a shattered altar of Ashenzari.
  2140 | D:4      | Noticed Robin
  2143 | D:4      | Reached skill level 5 in Maces & Flails
  2168 | D:4      | Reached XP level 4. HP: 24/40 MP: 3/3
  2177 | D:4      | Killed Robin
  2341 | D:4      | Noticed Dowan
  2342 | D:4      | Noticed Duvessa
  2355 | D:4      | HP: 1/40 [Duvessa/rapier (4)]
  2356 | D:4      | Succumbed to Dowan's poison

Skill      XL: |  1  2  3 |
---------------+----------+-----
Maces & Flails | 3 4 5 |  5.5
Fighting       | |  3.7
Armour         | |  3.7
Shields        | |  3.6

Action                   |  1- 3 |  4- 6 || total
-------------------------+-------+-------++-------
Melee: Flail             |   110 |    23 ||   133
       Headbutt          |    13 |     4 ||    17
  Use: Potion            |       |     1 ||     1
  Eat: Chunk             |     4 |     1 ||     5
Armor: Scale mail        |    32 |     7 ||    39
Dodge: Dodged            |    32 |     8 ||    40
Block: Shield            |    61 |    11 ||    72
